 Dungeon Crawl Stone Soup version 0.29-a0-6-ga859fcf985 (webtiles) character file.

Game seed: 17187356078915979675

36598 Jannitor the Blocker (level 13, -9/116 HPs)
             Began as a Hill Orc Delver on Jan 27, 2022.
             Was an Elder of Beogh.
             Mangled by an orc knight (23 damage)
             ... in a volcano.
             The game lasted 00:37:51 (25205 turns).

Jannitor the Blocker (Hill Orc Delver)             Turns: 25205, Time: 00:37:52

Health: -9/116     AC: 20    Str: 20    XL:     13   Next: 91%
Magic:  21/21      EV: 10    Int: 10    God:    Beogh [****..]
Gold:   1059       SH: 17    Dex: 12    Spells: 12/12 levels left

rFire   . . .      SeeInvis .   h - +2 flail (vorpal)
rCold   . . .      Faith    +   o - +0 tower shield
rNeg    . . .      Spirit   .   z - +0 acid dragon scales
rPois   .          Reflect  .   I - +2 hat
rElec   .          Harm     .   M - +1 cloak
rCorr   +          Rampage  .   E - +2 pair of gloves
Will    .....                   (no boots)
Stlth   ++........              w - amulet of faith
HPRegen 0.29/turn               f - +4 ring of protection
MPRegen 0.17/turn               F - +4 ring of slaying

@: no status effects
A: no striking features
a: Renounce Religion, Smiting, Recall Orcish Followers


You were in a volcano.
You worshipped Beogh.
Beogh was greatly pleased with you.
You visited 3 branches of the dungeon, and saw 17 of its levels.
You also visited: Gauntlet and Volcano.

You collected 1061 gold pieces.
You donated 2 gold pieces to Zin.

Inventory:

Hand Weapons
 b - a +1 whip of draining
 h - a +2 vorpal flail (weapon)
 i - a +2 antimagic spear
 y - a +0 war axe of flaming
Missiles
 l - 40 poisoned darts (quivered)
 n - 5 silver javelins
 p - a throwing net
 t - 3 javelins
Armour
 o - a +0 tower shield (worn)
 z - +0 acid dragon scales (worn)
 A - the +1 plate armour "Witseeg" {-Tele Rampage rPois Str+3}
   (You found it in a Gauntlet)

   Str:       It affects your strength (+3).
   rPois:     It protects you from poison.
   -Tele:     It prevents most forms of teleportation.
   Rampage:   It bestows one free step when moving towards enemies.
 E - a +2 pair of gloves (worn)
 I - a +2 hat (worn)
 K - the +0 pair of boots "Maritwae" {rN+}
   (You found it in a Gauntlet)

   rN:        It protects you from negative energy.
 M - a +1 cloak (worn)
Jewellery
 f - a +4 ring of protection (left hand)
 w - an amulet of faith (around neck)
 B - a ring of flight
 C - an amulet of magic regeneration
 F - a +4 ring of slaying (right hand)
 H - an amulet of reflection
 O - the ring of Obsession {Ice rPois rCorr Int+5 Dex-3}
   (You found it in a Gauntlet)

   [ring of ice]

   It enhances your ice magic.
   Int:       It affects your intelligence (+5).
   Dex:       It affects your dexterity (-3).
   rF:        It makes you vulnerable to fire.
   rC:        It protects you from cold.
   rPois:     It protects you from poison.
   rCorr:     It protects you from acid and corrosion.
Wands
 a - a wand of acid (4)
 g - a wand of digging (17)
 v - a wand of polymorph (6)
Scrolls
 c - 4 scrolls of fog
 d - 2 scrolls of magic mapping
 e - 3 scrolls of fear
 m - 6 scrolls of noise
 r - 4 scrolls of immolation
 s - 7 scrolls of enchant weapon
 x - 3 scrolls of identify
 D - 3 scrolls of summoning
 G - 3 scrolls of amnesia
 J - 3 scrolls of teleportation
 L - a scroll of vulnerability
Potions
 j - 3 potions of attraction
 k - 5 potions of flight
 q - 4 potions of brilliance
 u - 2 potions of ambrosia
 P - 2 potions of curing
 Q - 2 potions of lignification
 R - a potion of haste
 S - a potion of might


   Skills:
 + Level 11.5 Fighting
 - Level 5.1(8.7) Axes
 + Level 9.2(9.7) Maces & Flails
 + Level 7.1 Throwing
 + Level 9.6 Armour
 - Level 3.0 Dodging
 - Level 4.1 Stealth
 * Level 13.6 Shields
 + Level 10.9 Invocations
 + Level 4.5 Evocations


You had 12 spell levels left.
You didn't know any spells.
Your spell library contained the following spells:

 Spells                   Type           Power      Damage    Failure   Level
 Shock                    Conj/Air       0%         1d3       89%         1
 Sting                    Tmut/Pois      0%         1d3       89%         1
 Summon Small Mammal      Summ           0%         N/A       89%         1
 Ensorcelled Hibernation  Hex/Ice        0%         N/A       96%         2
 Gell's Gravitas          Tloc           0%         N/A       99%         3
 Inner Flame              Hex/Fire       0%         N/A       99%         3
 Lesser Beckoning         Tloc           0%         N/A       99%         3
 Spider Form              Tmut/Pois      0%         N/A       99%         3
 Summon Guardian Golem    Hex/Summ       0%         N/A       99%         3
 Teleport Other           Tloc           0%         N/A       99%         3
 Anguish                  Hex/Necr       0%         N/A       100%        4
 Cause Fear               Hex            0%         N/A       100%        4
 Hailstorm                Conj/Ice       0%         3d3       100%        4
 Ice Form                 Ice/Tmut       0%         N/A       100%        4
 Summon Lightning Spire   Summ/Air       0%         N/A       100%        4
 Simulacrum               Ice/Necr       0%         N/A       100%        6
 Orb of Destruction       Conj           0%         9d5       100%        7
 Spellforged Servitor     Conj/Summ      0%         N/A       100%        7
 Storm Form               Tmut/Air       0%         N/A       100%        7
 Discord                  Hex            0%         N/A       100%        8
 Maxwell's Capacitive Co  Air            0%         ∞         100%        8


Dungeon Overview and Level Annotations

Branches:
Dungeon (15/15)            Temple (1/1) D:5            Lair (1/6) D:8
    Orc (0/2) D:10         Vaults (0/5) D:14         Depths (0/4) D:15
Volcano (1/1)             Gauntlet (visited)

Altars:
Ashenzari
Cheibriados
Dithmenos
Elyvilon
Fedhas
Gozag
Hepliaklqana
Kikubaaqudgha
Makhleb
Nemelex Xobeh
Qazlal
Sif Muna
Trog
Uskayaw
Vehumet
Wu Jian
Xom
Yredelemnul
Zin
The Shining One

Shops:
D:14 :

Annotations:
D:14 1 exclusion


Message History

Press: ? - help, Shift-Dir - straight line, f - orc knight
Aim: an orc knight, wielding a +1 dire flail of flaming and wearing a +2 chain mail of fire resistance (lightly wounded, chance to affect: 43%)
The orc knight resists with some effort.
The orc knight hits you with a +1 dire flail of flaming.
* * * LOW HITPOINT WARNING * * *
The orc knight burns you.
* * * LOW HITPOINT WARNING * * *
Things that are here:
7 large rocks; a cyclops skeleton
Aiming: Charm
Press: ? - help, Shift-Dir - straight line, f/p - orc knight
Aim: an orc knight, wielding a +1 dire flail of flaming and wearing a +2 chain mail of fire resistance (lightly wounded, chance to affect: 43%)
The orc knight resists with some effort.
You block the orc knight's attack.
Unknown command.
Aiming: Charm
Press: ? - help, Shift-Dir - straight line, f/p - orc knight
Aim: an orc knight, wielding a +1 dire flail of flaming and wearing a +2 chain mail of fire resistance (lightly wounded, chance to affect: 43%)
The orc knight resists with some effort.
You block the orc knight's attack.
Unknown command.
Aiming: Charm
Press: ? - help, Shift-Dir - straight line, f/p - orc knight
Aim: an orc knight, wielding a +1 dire flail of flaming and wearing a +2 chain mail of fire resistance (lightly wounded, chance to affect: 43%)
The orc knight is charmed.
The now-empty wand crumbles to dust.
Unknown command.
You see here 4 large rocks.
The orc knight is no longer charmed.
Found 8 gold pieces.
An orc knight comes into view.
It is wielding a +2 dire flail of flaming and wearing a +1 chain mail of fire resistance.
You strike the helpless red draconian from behind!
You hit the red draconian but do no damage.
You block the red draconian's attack. You block the orc knight's attack.
Unknown command.
The red draconian breathes fire at you. The searing blast hits you!!
* * * LOW HITPOINT WARNING * * *
The orc knight hits you with a +1 dire flail of flaming!!
You die...
Beogh appreciates the orc knight's killing of a heretic priest.

#........# #..####..#
#..# #..# #..####..# ..
#§.'.##..# ##..
#..####..# ≈#.#
#..####..# § ≈..#
#..'$##..#
do≈#..##@o####..#
≈≈≈≈#..#d.# #..########
≈≈≈≈≈..'..####(.##8..8.##
≈≈≈≈#.'..#8...8(+.....8#
≈≈o≈≈..####......+......#
####### #...⌠..#...∩.∩#
#..(...)......#
#8...8.'.....8#
####..##8..8.##


You could see a red draconian (catching breath) and an orc knight.

Vanquished Creatures
  Nessos (D:12)
  A minotaur (Gauntlet)
  A hydra (D:9)
  A vault guard (D:14)
  3 centaur warriors
  4 two-headed ogres
  A deep troll earth mage (D:9)
  An orb spider (shapeshifter) (D:14)
  A necromancer (D:14)
  Pikel (D:3)
  A deep elf zephyrmancer (D:12)
  An ugly thing (D:11)
  5 cyclopes
  2 salamanders (Volcano)
  2 komodo dragons
  3 unseen horrors
  3 freezing wraiths
  A rime drake (Lair:1)
  2 trolls
  5 slime creatures
  3 hornets (Gauntlet)
  A wolf spider simulacrum (Gauntlet)
  A centaur simulacrum (Gauntlet)
  3 shadows
  A jumping spider (shapeshifter) (D:9)
  2 wraiths
  A wyvern (D:8)
  A fire bat (D:8)
  12 yaks
  2 steam dragons
  2 acid dragons
  2 water moccasins
  2 orc warriors (D:8)
  3 hornet zombies
  2 black bears (D:8)
  2 ice beasts (D:6)
  A sky beast (D:6)
  A necrophage (D:8)
  5 wolves (D:8)
  2 ogres (D:6)
  7 centaurs
  2 lemures (D:3)
  3 kobold brigands
  A bullfrog (D:8)
  A gnoll sergeant (D:8)
  A wyvern zombie (D:6)
  A water moccasin zombie (D:5)
  3 water moccasin skeletons
  12 killer bees
  A howler monkey (D:10)
  6 wights
  A lava snake (D:14)
  3 centaur zombies
  6 hounds
  5 orc priests
  3 bullfrog skeletons
  4 jellies
  A gnoll shaman (D:9)
  Jessica (D:2)
  Terence (D:3)
  4 iguanas
  3 orc wizards
  Natasha (twice) (D:2)
  3 howler monkey zombies
  A gnoll (D:9)
  4 adders
  2 shadow imps
  2 white imps (Gauntlet)
  An adder skeleton (D:4)
  2 worms
  3 dart slugs
  34 orcs
  9 ball pythons
  6 bats
  4 endoplasms
  3 giant cockroaches
  15 goblins
  12 hobgoblins
  13 kobolds
  6 quokkas
  3 frilled lizards (D:1)
  4 rats
288 creatures vanquished.

Vanquished Creatures (collateral kills)
  Gastronok (D:10)
  Josephine (D:12)
  2 boulder beetles (D:14)
  3 hydras
  4 vault guards (D:14)
  3 ogre magi
  A death knight (D:10)
  A two-headed ogre (D:9)
  2 ugly things
  A deep elf pyromancer (D:12)
  3 cyclopes
  4 gargoyles
  A cane toad (Lair:1)
  A kobold demonologist (D:12)
  An unseen horror (D:13)
  A freezing wraith (D:11)
  A troll (D:10)
  A meliai (D:14)
  6 slime creatures
  A shadow (D:12)
  A culicivora (shapeshifter) (D:13)
  3 wraiths
  16 yaks
  2 vampire mosquitoes (D:12)
  A steam dragon (D:10)
  A water moccasin (D:9)
  2 orc warriors (D:9)
  5 centaurs
  A bullfrog (D:9)
  A gnoll sergeant (D:9)
  5 killer bees
  2 howler monkeys (D:10)
  A wyvern simulacrum (D:9)
  3 centaur zombies
  2 gnolls (D:9)
  9 orcs
  2 kobolds (D:9)
96 creatures vanquished.

Vanquished Creatures (others)
  An orc warlord (D:15)
  An orc sorcerer (D:11)
  An orc knight (D:9)
  2 orc warriors
  An orc priest (D:3)
  2 orc wizards
  8 orcs
  A bat (D:3)
  24 demonic plants (Gauntlet)
  A fungus (Gauntlet)
  4 plants
46 creatures vanquished.

Grand Total: 430 creatures vanquished

Notes
Turn   | Place    | Note
-------+----------+-------------------------------------------
     0 | D:5      | Jannitor the Hill Orc Delver began the quest for the Orb.
     0 | D:5      | Reached XP level 1. HP: 19/19 MP: 1/1
    10 | D:5      | Found a staircase to the Ecumenical Temple.
    18 | Temple   | Entered the Ecumenical Temple
   111 | Temple   | Became a worshipper of Zin the Law-Giver
   220 | D:4      | Noticed a jelly
   392 | D:4      | Reached XP level 2. HP: 23/27 MP: 2/2
   671 | D:3      | Noticed Terence
   693 | D:3      | Reached skill level 1 in Armour
   693 | D:3      | Reached XP level 3. HP: 20/33 MP: 3/3
   801 | D:3      | Fell from the grace of Zin
   801 | D:3      | Became a worshipper of Beogh the Brigand
  1244 | D:2      | Noticed Jessica
  1253 | D:2      | Killed Jessica
  1254 | D:2      | Reached XP level 4. HP: 39/41 MP: 4/4
  1758 | D:1      | Found a faded altar of an unknown god.
  2172 | D:2      | Reached * piety under Beogh
  2261 | D:2      | Noticed Natasha
  2273 | D:2      | Killed Natasha
  2274 | D:2      | Reached skill level 1 in Shields
  2274 | D:2      | Reached XP level 5. HP: 38/47 MP: 5/5
  2390 | D:2      | Noticed Natasha
  2412 | D:2      | Killed Natasha
  3007 | D:2      | Paralysed by the wrath of Zin for 6 turns
  3280 | D:3      | Reached skill level 2 in Shields
  3630 | D:3      | Reached XP level 6. HP: 55/55 MP: 6/6
  3658 | D:3      | Reached skill level 5 in Fighting
  3854 | D:4      | Found a shimmering blue altar of Sif Muna.
  3860 | D:4      | Noticed Pikel
  3912 | D:3      | Paralysed by the wrath of Zin for 4 turns
  4342 | D:4      | Reached ** piety under Beogh
  4367 | D:4      | Noticed a yak
  4367 | D:4      | Noticed a yak
  4368 | D:4      | Noticed a yak
  4368 | D:4      | Noticed a yak
  4511 | D:5      | Reached skill level 3 in Shields
  4548 | D:5      | Reached skill level 5 in Axes
  4761 | D:5      | Found a bloodstained altar of Trog.
  4835 | D:5      | Paralysed by the wrath of Zin for 5 turns
  4835 | D:5      | Was forgiven by Zin
  4848 | D:5      | Reached XP level 7. HP: 18/61 MP: 7/7
  5171 | D:3      | Killed Terence
  5373 | D:4      | Got Sif Muna's Compendium of Flight
  5375 | D:4      | Got Sif Muna's Reference Book on Venom
  5378 | D:4      | Got Sif Muna's Handbook of Calling
  5503 | D:3      | Killed Pikel
  5504 | D:3      | Reached skill level 4 in Shields
  5504 | D:3      | Reached XP level 8. HP: 33/70 MP: 7/9
  5854 | D:4      | Reached skill level 5 in Shields
  6903 | D:6      | Reached skill level 6 in Shields
  7302 | D:6      | Identified the +8 quarterstaff of Nightmares {vorpal, *Slow
                  | rN++ Str+2 Int+2}
  7390 | D:6      | Reached XP level 9. HP: 44/78 MP: 12/12
  7825 | D:6      | Reached skill level 1 in Throwing
  8047 | D:6      | Reached skill level 7 in Shields
  8980 | D:7      | Reached skill level 5 in Invocations
  9605 | D:8      | Found an ancient bone altar of Kikubaaqudgha.
  9622 | D:8      | Noticed a troll
  9829 | D:8      | Reached skill level 5 in Armour
 10467 | D:8      | Found a staircase to the Lair.
 11125 | D:6      | Reached skill level 8 in Shields
 11125 | D:6      | Reached XP level 10. HP: 75/88 MP: 14/14
 11427 | D:8      | Reached skill level 5 in Maces & Flails
 11447 | D:8      | Reached *** piety under Beogh
 11946 | D:8      | Reached skill level 9 in Shields
 12130 | D:8      | HP: 4/90 [poisoned by a killer bee]
 13043 | D:9      | Noticed a deep troll earth mage
 13050 | D:9      | Killed a deep troll earth mage
 13051 | D:9      | Reached XP level 11. HP: 71/95 MP: 12/16
 13071 | D:9      | Noticed a two-headed ogre
 13078 | D:9      | Killed a two-headed ogre
 13098 | D:9      | Noticed an eight-headed hydra
 13102 | D:9      | Killed an eight-headed hydra
 13103 | D:9      | Reached skill level 10 in Shields
 14289 | D:10     | Entered Level 10 of the Dungeon
 14579 | D:10     | Noticed a cyclops
 14792 | D:10     | Killed a cyclops
 14854 | D:10     | Noticed a two-headed ogre
 14864 | D:10     | Killed a two-headed ogre
 15252 | D:10     | Noticed Gastronok
 15263 | D:10     | Killed Gastronok
 15507 | D:10     | Found a staircase to the Orcish Mines.
 16271 | D:11     | Reached skill level 5 in Throwing
 16319 | D:11     | Reached **** piety under Beogh
 16330 | D:11     | Reached skill level 11 in Shields
 16468 | D:11     | Noticed a two-headed ogre
 16479 | D:11     | Killed a two-headed ogre
 16479 | D:11     | Gained Geork as an ally
 16764 | D:11     | Noticed a death knight
 16786 | D:11     | Your ally Geork died
 17073 | D:10     | Killed a death knight
 17074 | D:10     | Reached XP level 12. HP: 71/106 MP: 18/18
 17571 | D:11     | Reached skill level 10 in Fighting
 17755 | D:12     | Found a gate leading to a gauntlet.
 17785 | Gauntlet | Entered a Gauntlet
 17785 | Gauntlet | Found a transporter.
 17785 | Gauntlet | Found a transporter.
 17785 | Gauntlet | Found a transporter.
 17853 | Gauntlet | Found a transporter.
 17856 | Gauntlet | Found a transporter.
 17864 | Gauntlet | Found a transporter.
 17867 | Gauntlet | Found a transporter.
 17869 | Gauntlet | Noticed a dire elephant
 17875 | Gauntlet | Found a transporter.
 17893 | Gauntlet | Found a transporter.
 17899 | Gauntlet | Found a transporter.
 17901 | Gauntlet | Found a transporter.
 17911 | Gauntlet | Found a transporter.
 18142 | Gauntlet | Identified the +1 plate armour "Witseeg" {-Tele Rampage
                  | rPois Str+3}
 18267 | Gauntlet | Identified the +0 pair of boots "Maritwae" {rN+}
 18284 | Gauntlet | Identified the ring of Obsession {Ice rPois rCorr Int+5
                  | Dex-3}
 18638 | Gauntlet | Noticed a minotaur
 18658 | Gauntlet | Killed a minotaur
 18659 | Gauntlet | Reached skill level 1 in Evocations
 18770 | D:12     | Noticed Nessos
 18780 | D:12     | Killed Nessos
 19655 | D:12     | Noticed Josephine
 19665 | D:12     | Killed Josephine
 19666 | D:12     | Reached skill level 12 in Shields
 20868 | D:13     | Noticed a centaur warrior
 20879 | D:13     | Killed a centaur warrior
 21667 | D:14     | Reached XP level 13. HP: 109/114 MP: 20/20
 21680 | D:14     | Reached skill level 10 in Invocations
 22055 | D:14     | Gained Syrus as an ally
 22449 | D:14     | Noticed a vault guard
 22458 | D:14     | Noticed a vault guard
 22484 | D:14     | Noticed a vault guard
 22491 | D:14     | Paralysed by an ogre mage for 5 turns
 22505 | D:14     | Killed a vault guard
 22699 | D:14     | Killed a vault guard
 22789 | D:14     | Killed a vault guard
 22790 | D:14     | Reached skill level 13 in Shields
 22867 | D:14     | Found a gate to the Vaults.
 22867 | D:14     | Noticed a vault guard
 22867 | D:14     | Noticed a vault guard
 22869 | D:14     | Killed a vault guard
 22890 | D:14     | Killed a vault guard
 22927 | D:14     | Found Maothemy's Book Shop.
 23025 | D:14     | Found a stormy altar of Qazlal.
 23473 | D:15     | Entered Level 15 of the Dungeon
 23496 | D:15     | Your ally Syrus died
 23998 | Lair:1   | Entered Level 1 of the Lair of Beasts
 24339 | Lair:1   | Found a dark tunnel.
 24349 | Volcano  | Entered a volcano
 25134 | Volcano  | Noticed a red draconian
 25205 | Volcano  | Mangled by an orc knight

Illustrated notes

Levels and vault maps discovered:
D:1:      erik_arrival_triangle_small, layout_loops_ring,
          ebering_ecumenical_altar_webs, minmay_pentomino_x4
D:2:      kennysheep_the_goblin_king, layout_loops_corners, uniq_natasha,
          uniq_jessica
D:3:      layout_rooms, uniq_terence
D:4:      layout_gridville, nicolae_sif_muna_little_library,
          kennysheep_okawaru_gauntlet, uniq_pikel
D:5:      layout_basic, mainiacjoe_overflow_paths, minmay_temple_entry_ruins
D:6:      layout_basic, grunt_potential
D:7:      layout_loops_ring
D:8:      minmay_octagon_keep, layout_basic, mainiacjoe_overflow_boulevard,
          erik_lair_island, special_room [special_room_orc]
D:9:      nzn_winding_woodlands_medium [nzn_winding_woodlands_5x5_perimeter,
          nzn_winding_woodlands_5x15_default,
          nzn_winding_woodlands_5x5_checkerboard,
          nzn_winding_woodlands_5x5_three, nzn_winding_woodlands_center_lodge,
          nzn_winding_woodlands_hourglass, nzn_winding_woodlands_5x5_open_star,
          nzn_winding_woodlands_5x15_pockets,
          nzn_winding_woodlands_5x5_closed_star], layout_gridville,
          serial_bayou_pond_d
D:10:     layout_grid_maze, orc_0_dummy, uniq_gastronok
D:11:     layout_loops_cross
D:12:     layout_irregular_city, gauntlet_entry_generic, billiards_dpeg,
          uniq_nessos, uniq_josephine
D:13:     layout_irregular_city
D:14:     minmay_tile_spiral, layout_cave_pods, grunt_vaults_entry_fortified,
          serial_shops, shop, kennysheep_flooded_box
D:15:     gammafunk_depths_entry_grave, layout_cave_pools,
          portal_ice_cave_entry_ugly_swarm, nicolae_two_hexagons, uniq_kirke
Temple:   eino_narrow_crystal_temple
Lair:1:   layout_gridlike, enter_volcano_2
Volcano:  hellmonk_zot_springs

Skill      XL: |  1  2  3  4  5  6  7  8  9 10 11 12 13 |
---------------+----------------------------------------+-----
Axes           | 3 4 5 |  5.1
Fighting       | 4 5 6 7 8 9 10 11 | 11.5
Armour         | 1 2 3 4 5 6 7 8 9 |  9.6
Dodging        | 2 3 |  3.0
Shields        | 1 2 3 4 6 8 9 11 12 13 | 13.6
Maces & Flails | 2 3 4 6 7 8 9 |  9.2
Invocations    | 2 4 5 7 8 9 10 | 10.9
Throwing       | 2 4 5 6 7 |  7.1
Evocations     | 2 4 |  4.5
Stealth        | |  4.1

Action                   |  1- 3 |  4- 6 |  7- 9 | 10-12 | 13-15 || total
-------------------------+-------+-------+-------+-------+-------++-------
Melee: Hand axe          |    58 |   353 |       |       |       ||   411
       Punch             |       |     1 |       |       |       ||     1
       Whip              |       |     4 |    17 |       |       ||    21
       Flail             |       |       |   354 |   510 |   221 ||  1085
Throw: Dart              |     6 |       |     4 |       |       ||    10
Invok: Convert to Beogh  |     1 |       |       |       |       ||     1
       Smiting           |       |       |     6 |    21 |       ||    27
       Recall Orcish Fol |       |       |       |       |     2 ||     2
Evoke: Wand              |       |       |     4 |     2 |     7 ||    13
  Use: Potion            |     1 |     4 |     4 |     3 |     1 ||    13
       Scroll            |     1 |     2 |     6 |     9 |     3 ||    21
 Stab: Sleeping          |     2 |    18 |     2 |     2 |     1 ||    25
       Distracted        |       |       |     1 |     4 |     3 ||     8
Armor: Leather armour    |    15 |       |       |       |       ||    15
       Robe              |       |   131 |       |       |       ||   131
       Ring mail         |       |     9 |   104 |       |       ||   113
       Acid dragon scale |       |       |    50 |   325 |    97 ||   472
       Skin              |       |       |     9 |       |       ||     9
Dodge: Dodged            |    38 |   149 |   119 |   194 |    66 ||   566
Block: Tower shield      |       |   193 |   313 |   589 |   182 ||  1277

Table legend: (Time is in decaauts)
 A = Elapsed time spent in this place.
 B = Non-inter-level travel time spent in this place.
 C = Inter-level travel time spent in this place.
 D = Time resting spent in this place.
 E = Time spent auto-exploring this place.
 F = Levels seen in this place.
 G = Mean time per level.
                   A        B        C        D        E       F      G
               +--------+--------+--------+--------+--------+-----+--------+
         Total |  25734 |  24826 |    908 |   9284 |  10230 |  19 | 1354.4 |
       Dungeon |  23505 |  22612 |    893 |   8211 |   9650 |  15 | 1567.0 |
        Temple |    108 |     93 |     15 |      0 |     72 |   1 |  108.0 |
          Lair |    357 |    357 |      0 |     29 |    217 |   1 |  357.0 |
       Volcano |    862 |    862 |      0 |    543 |     86 |   1 |  862.0 |
      Gauntlet |    899 |    899 |      0 |    500 |    205 |   1 |  899.0 |
               +--------+--------+--------+--------+--------+-----+--------+

Top non-repeatable levels by time:
     D:8: 2352 daAuts
     D:6: 2337 daAuts
    D:10: 2247 daAuts
    D:14: 2181 daAuts
     D:9: 2045 daAuts
    D:12: 1772 daAuts
     D:2: 1646 daAuts
     D:5: 1630 daAuts
     D:3: 1479 daAuts
    D:13: 1312 daAuts
     D:4: 1300 daAuts
     D:7: 1259 daAuts
    D:11: 1101 daAuts
Gauntlet: 899 daAuts
 Volcano: 862 daAuts
